 Dungeon Crawl Stone Soup version 0.19-a0-330-g034cfd4 (webtiles) character file.

6036 Marenglen the Basher (level 10, -3/83 HPs)
             Began as a Troll Arcane Marksman on May 28, 2016.
             Was a Follower of Yredelemnul.
             Slain by an unseen horror (7 damage)
             ... on level 10 of the Dungeon.
             The game lasted 00:37:51 (9891 turns).

Marenglen the Basher (Troll Arcane Marksman)        Turns: 9891, Time: 00:37:52

Health: -3/83      AC:  3    Str: 21    XL:     10   Next: 56%
Magic:  13/13      EV:  7    Int:  9    God:    Yredelemnul [*.....]
Gold:   71         SH: 10    Dex: 12    Spells: 2 memorised, 8 levels left

rFire  . . .     SeeInvis .     a - +2 whip (venom)
rCold  . . .     Gourm    +     (armour restricted)
rNeg   . . .     Faith    .     n - +0 shield
rPois  .         Spirit   .     (helmet restricted)
rElec  .         Dismiss  .     (no cloak)
rCorr  .         Reflect  .     (gloves unavailable)
SustAt .         Harm     .     (boots unavailable)
MR     +....                    (no amulet)
Stlth  +.........               q - ring of protection from magic
                                G - +3 ring of evasion

@: drained, somewhat resistant to hostile enchantments, very unstealthy
A: unfitting armour, claws 3, fast metabolism 3, gourmand, regeneration 2,
shaggy fur 1, tough skin 2
a: Animate Remains, Renounce Religion


You were on level 10 of the Dungeon.
You worshipped Yredelemnul.
Yredelemnul was aware of your devotion.
You were hungry.

You visited 2 branches of the dungeon, and saw 11 of its levels.
You also visited: Bailey.

You collected 452 gold pieces.
You spent 381 gold pieces at shops.

Inventory:

Hand Weapons
 a - a +2 whip of venom (weapon)
 b - a +1 mace of protection
Missiles
 o - 10 poisoned javelins
 v - 19 tomahawks
 y - 2 large rocks (quivered)
 A - 2 throwing nets
 E - 4 tomahawks of returning
Armour
 n - a +0 shield (worn)
Jewellery
 c - an uncursed ring of stealth
 h - a +3 ring of intelligence
 q - a ring of protection from magic (right claw)
 s - an uncursed ring of protection from cold
 G - a +3 ring of evasion (left claw)
Wands
 l - a wand of flame (22/48)
 t - a wand of iceblast (0/15)
 B - a wand of digging (4/24)
 F - a wand of disintegration (4/24)
Scrolls
 e - a scroll of magic mapping
 m - 2 scrolls of fog
 u - 2 scrolls of enchant weapon
 w - a scroll of blinking
 x - 2 scrolls of remove curse
Potions
 j - a potion of cure mutation
 p - a potion of magic
 r - a potion of might
 z - 2 potions of cancellation
 D - 2 potions of flight
 H - 2 potions of ambrosia
Comestibles
 d - a slice of pizza
 f - 5 bread rations
 g - 2 beef jerkies
 i - a royal jelly
 k - 2 meat rations
 I - a fruit


   Skills:
 - Level 0.7(0.5) Fighting
 + Level 9.4(9.1) Maces & Flails
 - Level 3.0(2.7) Throwing
 - Level 1.5(1.3) Dodging
 + Level 7.8(7.5) Shields
 - Level 1.3(1.0) Unarmed Combat
 - Level 1.0(0.7) Spellcasting
 - Level 2.4(2.2) Hexes
 + Level 6.2(5.9) Invocations


You had 8 spell levels left.
You knew the following spells:

 Your Spells              Type           Power        Failure   Level  Hunger
a - Corona                Hex            #......      24%         1    ##.....
b - Slow                  Hex            #.......     38%         2    ###....


Dungeon Overview and Level Annotations

Branches:
Dungeon (10/15)            Temple (1/1) D:6
   Lair: D:8-11         Orc: D:9-12

Altars:
Ashenzari
Cheibriados
Dithmenos
Elyvilon
Fedhas
Gozag
Hepliaklqana
Kikubaaqudgha
Makhleb
Nemelex Xobeh
Okawaru
Pakellas
Qazlal
Ru
Sif Muna
Trog
Ukayaw
Vehumet
Xom
Yredelemnul
Zin
The Shining One

Shops:
D:6 ?   D:7 :   D:9 (}[!   D:10 *

Annotations:
D:5 Marenglen's ghost, amateur TrAM
D:7 2 runed doors


Innate Abilities, Weirdness & Mutations

You are too large for most types of armour.
You have claws for hands.
Your metabolism is lightning-fast.
You like to eat raw meat.
You heal very quickly.
You are covered in fur. (AC +1)
You have very tough skin. (AC +2)


Message History

a shortbow; a robe; a dagger You block something's attack.
Something hits you. Something hits you. Something hits you. Something hits you!
Something completely misses you. Something hits you! Something hits you!
Something hits you. x2
Something hits you!
* * * LOW HITPOINT WARNING * * *
Something hits you.
* * * LOW HITPOINT WARNING * * *
Something hits you!
* * * LOW HITPOINT WARNING * * *
There is a stone staircase leading up, spattered with blood here.
Something hits you!
You die...
Your body rises from the dead as a mindless zombie.

#.........# ## #...≈≈ #....#.#.#
##).≈≈ ##......#.# . ##...≈
#..#.##.#.## ###.# #..... #.
#..##.#..##.... ##.....
#T###..#....# #...... .
.###.###.....## ##......
....##.##...#...#######.......
#...........@...##.....)##.##
####.######...###.....###..#%≈≈#
##......# ##....#.##.####..#§(§#
.#......# ####............#§%§#
.).<....# ##...######..#####
##......# #....# #...§.§.
#......########.#..######.).....
#...............#..........))...
#...........######....)##.######


There were no monsters in sight!

Vanquished Creatures
  A centaur skeleton (D:10)
  A merfolk (D:10)
  Prince Ribbit (D:8)
  Grinder (D:6)
  A spriggan (D:10)
  A human (D:10)
  Grum (D:8)
  A hungry ghost (D:7)
  Duvessa (D:6)
  A water moccasin (D:9)
  2 orc warriors (D:7)
  An ice beast (D:10)
  A black bear (D:8)
  5 ogres
  2 necrophages (D:10)
  4 wolves (D:8)
  3 centaurs
  Blork the orc (D:6)
  A big kobold (D:7)
  A water moccasin zombie (D:8)
  4 scorpions
  Dowan (D:6)
  6 killer bees (D:7)
  An electric eel (D:6)
  9 wights (D:9)
  2 howler monkeys (D:6)
  A crimson imp (D:9)
  A giant frog zombie (D:5)
  A wasp zombie (D:7)
  A quasit (D:8)
  2 centaur zombies
  3 jellies
  Crazy Yiuf (D:5)
  5 hounds
  3 orc priests
  A giant frog skeleton (D:5)
  Jessica (D:2)
  2 iguanas
  Ijyb (D:3)
  Terence (D:3)
  6 orc wizards
  Natasha (twice) (D:2)
  10 worker ants
  A killer bee zombie (D:10)
  A hound skeleton (D:6)
  Robin (D:2)
  A worker ant zombie (D:5)
  A gnoll (D:4)
  8 adders
  3 oozes
  An adder skeleton (D:4)
  A dart slug (D:1)
  4 giant geckos
  42 orcs
  4 bats
  6 giant cockroaches
  4 hobgoblins
  13 jackals
  8 kobolds
  4 quokkas
  A giant gecko skeleton (D:8)
  A giant newt (D:1)
  10 goblins
  A jackal skeleton (D:5)
  6 rats
218 creatures vanquished.

Vanquished Creatures (collateral kills)
  An orc (D:10)
1 creature vanquished.

Vanquished Creatures (others)
  An iguana (D:10)
  A necrophage skeleton (D:10)
  An orc (D:9)
  4 orc zombies (D:10)
7 creatures vanquished.

Grand Total: 226 creatures vanquished

Notes
Turn   | Place    | Note
--------------------------------------------------------------
     0 | D:1      | Marenglen the Troll Arcane Marksman began the quest for the Orb.
     0 | D:1      | Reached XP level 1. HP: 18/18 MP: 1/1
    89 | D:1      | Reached skill level 1 in Unarmed Combat
    96 | D:1      | Reached XP level 2. HP: 26/26 MP: 2/2
   116 | D:1      | Learned a level 2 spell: Slow
   577 | D:1      | Reached XP level 3. HP: 24/32 MP: 3/3
   793 | D:2      | Noticed Jessica
   795 | D:2      | Killed Jessica
   795 | D:2      | Reached skill level 1 in Maces & Flails
   814 | D:2      | Noticed Robin
   833 | D:2      | Reached XP level 4. HP: 12/40 MP: 4/4
   840 | D:2      | Killed Robin
   840 | D:2      | Reached skill level 2 in Maces & Flails
  1060 | D:2      | Found an ancient bone altar of Kikubaaqudgha.
  1066 | D:2      | Found a deep blue altar of Sif Muna.
  1071 | D:2      | Found a radiant altar of Vehumet.
  1076 | D:2      | Identified Sif Muna's Disquisition on Summoning
  1208 | D:2      | Noticed Natasha
  1217 | D:2      | Killed Natasha
  1682 | D:3      | Noticed Ijyb
  1687 | D:3      | Killed Ijyb
  1687 | D:3      | Reached skill level 3 in Maces & Flails
  1687 | D:3      | Reached XP level 5. HP: 44/46 MP: 3/5
  1757 | D:3      | Noticed Terence
  1776 | D:2      | Noticed Natasha
  1801 | D:2      | Killed Natasha
  2086 | D:3      | Killed Terence
  2237 | D:4      | Reached XP level 6. HP: 53/54 MP: 6/6
  2296 | D:4      | Reached skill level 4 in Maces & Flails
  2296 | D:4      | Reached skill level 1 in Shields
  2575 | D:4      | Found a bloodstained altar of Trog.
  2577 | D:4      | Found a sacrificial altar of Ru.
  2577 | D:4      | Found a blossoming altar of Fedhas.
  2578 | D:4      | Found a stormy altar of Qazlal.
  2649 | D:4      | Reached XP level 7. HP: 54/61 MP: 7/7
  2738 | D:4      | Reached skill level 5 in Maces & Flails
  3028 | D:5      | Entered Level 5 of the Dungeon
  3034 | D:5      | Noticed Marenglen's ghost (amateur TrAM)
  3113 | D:5      | Found a snail-covered altar of Cheibriados.
  3225 | D:5      | Found a shattered altar of Ashenzari.
  3231 | D:5      | Found an opulent altar of Gozag.
  3481 | D:5      | Noticed Crazy Yiuf
  3483 | D:5      | Killed Crazy Yiuf
  3679 | D:5      | Found a shadowy altar of Dithmenos.
  3740 | D:5      | Found a glowing silver altar of Zin.
  3871 | D:6      | Reached XP level 8. HP: 52/68 MP: 8/8
  3943 | D:6      | Reached skill level 6 in Maces & Flails
  4015 | D:6      | Found Ecwirano's Magic Scroll Shop.
  4020 | D:6      | Noticed Grinder
  4045 | D:6      | Killed Grinder
  4141 | D:6      | Bought a scroll of teleportation for 39 gold pieces
  4141 | D:6      | Bought a scroll of identify for 26 gold pieces
  4141 | D:6      | Bought a scroll of blinking for 97 gold pieces
  4141 | D:6      | Bought a scroll of remove curse for 39 gold pieces
  4270 | D:6      | Found a staircase to the Ecumenical Temple.
  4270 | D:6      | Noticed Dowan
  4276 | D:6      | Noticed Duvessa
  4277 | D:6      | Killed Dowan
  4440 | D:6      | Found a glowing golden altar of the Shining One.
  4480 | D:6      | Reached skill level 5 in Shields
  4515 | Temple   | Entered the Ecumenical Temple
  4539 | Temple   | Became a worshipper of Yredelemnul the Dark
  4684 | D:6      | Reached skill level 1 in Invocations
  4715 | D:6      | Reached skill level 7 in Maces & Flails
  4920 | D:6      | Killed Duvessa
  4943 | D:6      | Noticed Blork the orc
  4945 | D:6      | Killed Blork the orc
  5110 | D:7      | Noticed a hill giant
  5395 | D:7      | Reached XP level 9. HP: 63/75 MP: 8/10
  5963 | D:7      | Noticed a six-headed hydra
  6149 | D:7      | Found Kytzuguy's Book Shop.
  6340 | D:7      | Found a runed door.
  6356 | D:7      | Found a runed door.
  6360 | D:7      | Reached skill level 8 in Maces & Flails
  6525 | D:8      | Found a flagged portal.
  6536 | Bailey   | Entered a bailey
  6545 | Bailey   | Noticed Lugonue's ghost (novice MiGl)
  6548 | Bailey   | Noticed an orc knight
  6709 | D:8      | Noticed Prince Ribbit
  6723 | D:8      | Killed Prince Ribbit
  7061 | D:8      | Noticed Grum
  7086 | D:8      | Killed Grum
  7575 | D:9      | Reached skill level 5 in Invocations
  7642 | D:9      | Found Ihenac's Armour Emporium.
  7659 | D:9      | Reached XP level 10. HP: 83/83 MP: 12/12
  7714 | D:9      | Found a shimmering altar of Xom.
  7723 | D:9      | Found a shimmering altar of Xom.
  7723 | D:9      | Found a shimmering altar of Xom.
  7723 | D:9      | Found a shimmering altar of Xom.
  7993 | D:9      | Found Biomie's Distillery.
  8008 | D:9      | Bought a potion of might for 60 gold pieces
  8008 | D:9      | Bought a potion of ambrosia for 120 gold pieces
  8139 | D:9      | Found Okabled's Antique Weapon Shop.
  8158 | D:9      | Found Ullyemat's Gadget Shoppe.
  8301 | D:10     | Entered Level 10 of the Dungeon
  8736 | D:10     | Reached skill level 9 in Maces & Flails
  9140 | D:10     | Noticed a hill giant
  9276 | D:10     | Reached * piety under Yredelemnul
  9487 | D:10     | Found Coanufro's Island Escapes.
  9890 | D:10     | HP: 4/83 [something (9)]
  9891 | D:10     | Slain by an unseen horror

Vault maps used:
D:1:      sevenhm_arrival_forest_fort_large_2, serial_bayou,
          serial_bayou_pond_a, serial_bayou_pond_d, serial_bayou_pond_a,
          serial_bayou_pond_b
D:2:      grunt_temple_overflow_magic_moments, uniq_natasha, uniq_jessica,
          uniq_robin
D:3:      first_bread, uniq_iyjb, uniq_terence
D:4:      grunt_temple_overflow_open, minmay_stone_trees_small, minmay_unequal
D:5:      grunt_dithmenos_smoke, overflow_temple_1_default, minitemple,
          zin_scriptorium, uniq_pikel, uniq_crazy_yiuf_cottage
D:6:      tso_metal_star, minmay_temple_entry_enclosed_plants, serial_shops,
          nicolae_shop_competitors_out_of_business, kennysheep_big_empty_room,
          uniq_grinder, uniq_blork_the_orc, uniq_duvessa
D:7:      lemuel_insect_pit, serial_shops, nicolae_shop_trees
D:8:      enter_bailey_8, uniq_prince_ribbit1, uniq_grum
D:9:      xom_redecorated, serial_shops, nicolae_shop_behind_doors,
          kennysheep_little_box, shop, shop
D:10:     hiddenorc1_lemuel, hangedman_stone_soup, nicolae_island_escapes
Temple:   minmay_temple_bridge_a_8
Bailey:   bailey_axe_4, bailey

Skill      XL: |  1  2  3  4  5  6  7  8  9 10 |
---------------+-------------------------------+-----
Unarmed Combat | 1 |  1.3
Maces & Flails | 1 3 4 5 7 8 9 |  9.4
Throwing       | 2 3 |  3.0
Shields        | 2 4 5 6 7 |  7.8
Invocations    | 2 5 6 |  6.2
Fighting       | |  0.7
Dodging        | |  1.5
Spellcasting   | |  1.0
Hexes          | |  2.4

Action                   |  1- 3 |  4- 6 |  7- 9 | 10-12 || total
-------------------------+-------+-------+-------+-------++-------
Melee: Unarmed           |    74 |    67 |       |       ||   141
       Whip              |       |   113 |   379 |   179 ||   671
       Mace              |       |       |    86 |       ||    86
       Punch             |       |       |     1 |       ||     1
Throw: Large rock        |     1 |     9 |    25 |    10 ||    45
       Javelin           |       |       |     8 |     7 ||    15
       Throwing net      |       |       |     8 |     5 ||    13
 Cast: Corona            |     1 |     4 |     9 |     3 ||    17
       Slow              |       |     1 |     1 |       ||     2
Invok: Animate Remains   |       |       |       |     5 ||     5
Evoke: Wand              |       |       |    27 |    13 ||    40
  Use: Scroll            |     2 |     5 |    11 |     4 ||    22
       Potion            |     3 |     1 |     4 |     4 ||    12
 Stab: Invisible         |     2 |       |       |       ||     2
       Sleeping          |       |       |     3 |       ||     3
       Distracted        |       |       |     1 |       ||     1
       Held in net/web   |       |       |     1 |       ||     1
  Eat: Chunk             |    12 |    18 |    50 |     4 ||    84
       Meat ration       |       |       |     2 |     1 ||     3
       Bread ration      |       |       |       |     1 ||     1
Armor: Skin              |    30 |    45 |    88 |    20 ||   183
Dodge: Dodged            |    51 |    65 |   118 |    51 ||   285
Block: Shield            |       |       |   177 |    81 ||   258
